 Dungeon Crawl Stone Soup version 0.30.1-9-gdf580d7c3d (webtiles) character file.

Game seed: 16434575072300811484

88 Charmandara the Sneak (level 4, -11/36 HPs)
             Began as a Naga Earth Elementalist on Sept 24, 2023.
             Mangled by a goblin
             ... wielding a +0 dagger of electrocution
             ... led by Robin
              (13 damage)
             ... on level 2 of the Dungeon.
             The game lasted 00:04:14 (1360 turns).

Charmandara the Sneak (Naga Earth Elementalist)     Turns: 1360, Time: 00:04:15

Health: -11/36     AC:  2    Str: 11    XL:     4   Next: 53%
Magic:  1/7        EV:  9    Int: 17    God:
Gold:   97         SH:  0    Dex: 11    Spells: 1/7 levels left

rFire   . . .        g - +0 quarterstaff
rCold   + . .        (shield currently unavailable)
rNeg    . . .        a - +0 robe
rPois   +            (no helmet)
rElec   .            (no cloak)
rCorr   .            (no gloves)
SInv    +            (no barding)
Will    .....        (no amulet)
Stlth   +++          j - ring of protection from cold
HPRegen 0.26/turn    (no ring)
MPRegen 0.10/turn

%: no passive effects
@: mighty, short of breath, very slightly contaminated, very slow
A: AC +1, large, see invisible, deformed body, poison resistance, slowness 2,
spit poison 1, naga tail 1
a: Spit Poison


You were on level 2 of the Dungeon.
You visited 1 branch of the dungeon, and saw 2 of its levels.

You collected 97 gold pieces.

Inventory:

Hand Weapons
 f - a +0 whip
 g - a +0 quarterstaff (weapon)
 i - a +0 trident
Armour
 a - a +0 robe (worn)
Jewellery
 j - a ring of protection from cold (left hand)
Scrolls
 c - a scroll of enchant armour {unknown}
 d - 2 scrolls of brand weapon {unknown}
 e - a scroll of teleportation {unknown}
 k - 2 scrolls of acquirement {unknown}
 l - a scroll of magic mapping {unknown}
 m - a scroll of noise {unknown}
Potions
 b - a potion of magic


   Skills:
 - Level 1.5 Dodging
 + Level 4.8 Stealth
 - Level 2.0 Spellcasting
 - Level 1.0 Transmutations
 * Level 4.5 Earth Magic


You had one spell level left.
You knew the following spells:

 Your Spells              Type           Power      Damage    Failure   Level
a - Sandblast             Erth           34%        2d9       3%          1
w - Passwall              Tmut/Erth      9%         N/A       10%         2
x - Stone Arrow           Conj/Erth      18%        3d8       22%         3

Your spell library contained the following spells:

 Spells                   Type           Power      Damage    Failure   Level
 Petrify                  Tmut/Erth      11%        N/A       52%         4


Dungeon Overview and Level Annotations

Branches:
Dungeon (2/15)

Altars:


Innate Abilities, Weirdness & Mutations

Your serpentine skin is tough. (AC +1)
You have supernaturally acute eyesight. (SInv)
Armour fits poorly on your strangely shaped body.
Your system is resistant to poisons. (rPois)
You cover ground very slowly.
You can spit poison.
You have a snake-like lower body.


Message History

The goblin hits you but does no damage.
Unknown command.
Unknown command.
Unknown command.
Okay, then.
Okay, then.
Casting: Passwall (safe; 10% risk of failure)
Confirm with . or Enter, or press ? or * to list all spells.
The spell is quite dangerous to miscast (22% risk of failure)!
Continue anyway?
Aiming: Stone Arrow (quite dangerous; 22% risk of failure)
Press: ? - help, Shift-Dir - straight line, f/p - Robin
Aim: Robin, wielding a +0 spear, wearing a +0 animal skin and wearing a +0 helmet (poisoned, 74% to hit)
The stone arrow hits Robin!
Robin is heavily wounded.
The goblin hits you with a +0 club.
* * * LOW HITPOINT WARNING * * *
The goblin barely misses you.
Unknown command.
Unknown command.
You feel very mighty all of a sudden. The goblin hits you with a +0 club.
* * * LOW HITPOINT WARNING * * *
The goblin hits you but does no damage.
Unknown command.
Unknown command.
You sock the goblin!
You kill the goblin!
Robin barely misses you. The goblin hits you but does no damage.
Robin throws the goblin at you!
* * * LOW HITPOINT WARNING * * *
Unknown command.
The goblin attacks as you move away! The goblin barely misses you.
You kill Robin!
The goblin unwields a +0 dagger.
The goblin wields a +0 sling.
The goblin shoots a sling bullet.
The sling bullet hits you.
* * * LOW HITPOINT WARNING * * *
The goblin hits you with a +0 dagger of electrocution.
* * * LOW HITPOINT WARNING * * *
You are electrocuted!
You die...

#.## .... ... ..#
#g# #..# #g# ..#
#.##g# #g#.g# ##
#g#@## #.. #)#)# #..
#.#.# #......#...###
#....#.#.....#
#....#...###.#
#######....#.#...#.#
......#....#.#.#.#.#
#####.#....+.....#.#


You could see 2 goblins.

Vanquished Creatures
  Robin (D:2)
  3 gnolls (D:2)
  3 adders (D:2)
  A worm (D:2)
  2 ball pythons (D:1)
  A bat (D:1)
  An endoplasm (D:2)
  6 goblins
  6 hobgoblins
  A quokka (D:2)
  2 frilled lizards (D:1)
  A kobold (D:1)
  2 rats (D:1)
30 creatures vanquished.

Notes
Turn   | Place    | Note
-------+----------+-------------------------------------------
     0 | D:1      | Charmandara the Naga Earth Elementalist began the quest for
                  | the Orb.
     0 | D:1      | Reached XP level 1. HP: 15/15 MP: 3/3
   125 | D:1      | Reached XP level 2. HP: 19/22 MP: 5/5
   708 | D:2      | Reached XP level 3. HP: 28/28 MP: 4/6
   711 | D:2      | Learned a level 2 spell: Passwall
   715 | D:2      | Learned a level 3 spell: Stone Arrow
  1095 | D:2      | Reached XP level 4. HP: 19/36 MP: 3/7
  1344 | D:2      | Noticed Robin
  1360 | D:2      | Killed Robin
  1360 | D:2      | Mangled by a goblin

Illustrated notes

Levels and vault maps discovered:
D:1:      dpeg_arrival_more_subterranean_lakeside_camping, layout_loops_ring
D:2:      layout_basic, minmay_small_reverse_x, uniq_robin

Skill      XL: |  1  2  3 |
---------------+----------+-----
Stealth        | 4 |  4.8
Earth Magic    | 4 |  4.5
Dodging        | |  1.5
Spellcasting   | |  2.0
Transmutations | |  1.0

Action                     |  1- 3 |  4- 6 || total
---------------------------+-------+-------++-------
  Melee: Club              |     3 |       ||     3
         Whip              |     3 |       ||     3
         Quarterstaff      |     6 |     6 ||    12
   Cast: Sandblast         |    14 |     1 ||    15
         Passwall          |     2 |     1 ||     3
         Stone Arrow       |       |     1 ||     1
Ability: Spit Poison       |    24 |     3 ||    27
    Use: Potion            |     2 |     1 ||     3
   Stab: Sleeping          |     1 |       ||     1
 Armour: Robe              |     2 |     3 ||     5
         Skin              |     2 |     2 ||     4
  Dodge: Dodged            |    18 |     7 ||    25
